 Dungeon Crawl Stone Soup version 0.29.1-1-gd02db6906a (webtiles) character file.

Game seed: 8465140714291051688

59273 sleeves the Impaler (level 15, -2/120 HPs)
             Began as a Meteoran Monk on Sept 28, 2022.
             Was a Priest of Hepliaklqana.
             Slain by a spark wasp (4 damage)
             ... on level 3 of the Spider Nest.
             The game lasted 01:32:11 (10282 turns).

sleeves the Impaler (Meteoran Monk)                Turns: 10282, Time: 01:32:12

Health: -2/120     AC: 17    Str: 18    XL:     15   Next: 78%
Magic:  20/25      EV: 13    Int: 25    God:    Hepliaklqana [***...]
Gold:   636        SH:  0    Dex: 14    Spells: 17/20 levels left

rFire   + + +      SeeInvis +   y - +0 halberd (freeze)
rCold   + . .      Faith    .   (shield currently unavailable)
rNeg    . . .      Spirit   .   I - +5 scale mail of Precision Catastrophes {Harm *Corrode rPois Int+5}
rPois   +          Reflect  .   (no helmet)
rElec   +          Harm     +   q - +2 cloak
rCorr   +          Rampage  .   o - +0 pair of gloves
Will    +....                   M - +0 pair of boots
Stlth   +.........              n - amulet of magic regeneration
HPRegen 0.30/turn               b - +4 ring of slaying
MPRegen 0.59/turn               Z - ring "Ostemohe" {rF++ rCorr Int+6 Dex-4 SInv}

@: resistant, corroded, very slightly contaminated, glowing, studying Short
Blades
A: reduced essence, sense surroundings 2, otherworldly, glowing, explore regen
a: Renounce Religion, Recall Ancestor, Ancestor Identity, Transference


You were on level 3 of the Spider Nest.
You worshipped Hepliaklqana.
Hepliaklqana was most pleased with you.
You visited 4 branches of the dungeon, and saw 19 of its levels.
You also visited: Gauntlet and Volcano.

You collected 852 gold pieces.
You spent 216 gold pieces at shops.

Inventory:

Hand Weapons
 d - the +4 dagger of Fubath {freeze, rCorr Int+4 Stlth+}
   (You found it on level 5 of the Dungeon)

   It freezes those it strikes, dealing additional cold damage.
   It can also slow down cold-blooded creatures.
   Int:       It affects your intelligence (+4).
   rCorr:     It protects you from acid and corrosion.
   Stlth:     It makes you more stealthy.
 y - a +0 halberd of freezing (weapon)
   (You took it off a gnoll on level 2 of the Dungeon)
 D - a +2 trident of protection
   (You took it off a merfolk on level 3 of the Lair of Beasts)
 N - a +1 scimitar of flaming
   (You took it off an efreet in a volcano)
Missiles
 f - 8 javelins
 w - 9 poisoned darts (quivered)
 P - 5 silver javelins
 X - 6 curare-tipped darts
Armour
 o - a +0 pair of gloves (worn)
   (You found it on level 1 of the Dungeon)
 p - a scarf of resistance
   (You found it on level 2 of the Dungeon)
 q - a +2 cloak (worn)
   (You found it on level 2 of the Dungeon)
 I - the +5 scale mail of Precision Catastrophes (worn) {Harm *Corrode rPois Int+5}
   (You bought it in a shop on level 8 of the Dungeon)

   Int:       It affects your intelligence (+5).
   rPois:     It protects you from poison.
   *Corrode:  It may corrode you when you take damage.
   Harm:      It increases damage dealt and taken.
 M - a +0 pair of boots (worn)
   (You found it on level 10 of the Dungeon)
 Q - a +0 plate armour of fire resistance
   (You took it off a minotaur in a Gauntlet)
Magical Staves
 T - a staff of death
   (You found it in a Gauntlet)
 U - a staff of fire
   (You found it in a Gauntlet)
Jewellery
 b - a +4 ring of slaying (left hand)
   (You found it on level 4 of the Lair of Beasts)
 m - a ring of resist corrosion
   (You found it on level 1 of the Dungeon)
 n - an amulet of magic regeneration (around neck)
   (You found it on level 5 of the Lair of Beasts)
 r - a ring of wizardry
   (You found it on level 5 of the Dungeon)
 A - a ring of ice
   (You found it on level 1 of the Spider Nest)
 O - the ring "Oqusuk" {Str+3 Int+3 Dex+6 Slay-3 Stlth+}
   (You found it in a Gauntlet)

   [ring of dexterity]

   Str:       It affects your strength (+3).
   Int:       It affects your intelligence (+3).
   Dex:       It affects your dexterity (+6).
   Slay:      It affects your accuracy & damage with ranged weapons and melee
   (-3).
   Stlth:     It makes you more stealthy.
 Z - the ring "Ostemohe" (right hand) {rF++ rCorr Int+6 Dex-4 SInv}
   (You found it on level 4 of the Lair of Beasts)

   [ring of intelligence]

   Int:       It affects your intelligence (+6).
   Dex:       It affects your dexterity (-4).
   rF:        It greatly protects you from fire.
   SInv:      It lets you see invisible.
   rCorr:     It protects you from acid and corrosion.
Wands
 x - a wand of roots (8)
   (You found it on level 2 of the Lair of Beasts)
 B - a wand of flame (22)
   (You found it on level 4 of the Dungeon)
 W - a wand of digging (2)
   (You found it on level 3 of the Lair of Beasts)
Scrolls
 e - a scroll of amnesia
 g - 3 scrolls of poison
 h - 2 scrolls of silence
 k - 4 scrolls of enchant weapon
 s - a scroll of immolation
 t - 4 scrolls of magic mapping
 u - 4 scrolls of teleportation
 z - a scroll of vulnerability
 K - 3 scrolls of torment
 V - 2 scrolls of brand weapon
 Y - a scroll of enchant armour
Potions
 a - 2 potions of flight {unknown}
 c - a potion of ambrosia
 i - a potion of brilliance {unknown}
 j - a potion of invisibility {unknown}
 l - a potion of resistance
 v - a potion of haste
 C - 2 potions of mutation
 E - 3 potions of curing
 G - a potion of might
 H - 2 potions of heal wounds {unknown}
 L - a potion of experience {unknown}
 S - a potion of lignification {unknown}


   Skills:
 - Level 12.8 Fighting
 - Level 16.0 Polearms
 - Level 13.4 Armour
 - Level 8.1 Dodging
 - Level 8.3 Stealth
 + Level 3.0 Spellcasting
 + Level 3.0 Conjurations
 + Level 3.0 Air Magic
 - Level 13.2 Invocations


You had 17 spell levels left.
You knew the following spells:

 Your Spells              Type           Power      Damage    Failure   Level
a - Mephitic Cloud        Conj/Pois/Air  14%        N/A       30%         3

Your spell library contained the following spells:

 Spells                   Type           Power      Damage    Failure   Level
 Static Discharge         Conj/Air       19%        3-6/arc   11%         2
 Apportation              Tloc           6%         N/A       24%         1
 Beastly Appendage        Tmut           6%         N/A       24%         1
 Necrotise                Necr           12%        1d4       24%         1
 Slow                     Hex            12%        N/A       24%         1
 Sting                    Tmut/Pois      12%        1d3       24%         1
 Summon Small Mammal      Summ           12%        N/A       24%         1
 Scorch                   Fire           6%         2d5       34%         2
 Wereblood                Tmut           3%         N/A       34%         2
 Confusing Touch          Hex            3%         N/A       56%         3
 Gell's Gravitas          Tloc           3%         N/A       56%         3
 Lesser Beckoning         Tloc           3%         N/A       56%         3
 Spider Form              Tmut/Pois      3%         N/A       56%         3
 Teleport Other           Tloc           3%         N/A       56%         3
 Vampiric Draining        Necr           3%         2d6       56%         3
 Airstrike                Air            9%         2d(2-18)  56%         4
 Flame Wave               Conj/Fire      11%        2d6       77%         4
 Sticky Flame             Conj/Fire      11%        2d3       77%         4
 Summon Lightning Spire   Summ/Air       11%        N/A       77%         4
 Iskenderun's Battlesphe  Conj           19%        2d7       88%         5
 Lightning Bolt           Conj/Air       9%         1d22      88%         5
 Dispel Undead            Necr           3%         3d7       93%         4
 Passage of Golubria      Tloc           3%         N/A       93%         4
 Freezing Cloud           Conj/Ice/Air   7%         6-21      96%         5
 Silence                  Hex/Air        5%         N/A       98%         5
 Iron Shot                Conj/Erth      5%         9d2       100%        6
 Simulacrum               Ice/Necr       1%         N/A       100%        6
 Summon Cactus Giant      Summ           1%         N/A       100%        6
 Enfeeble                 Hex            1%         N/A       100%        7
 Malign Gateway           Summ/Tloc      1%         N/A       100%        7
 Spellforged Servitor     Conj/Summ      5%         N/A       100%        7
 Borgnjor's Revivificati  Necr           1%         N/A       100%        8
 Lehudib's Crystal Spear  Conj/Erth      5%         10d3      100%        8
 Necromutation            Tmut/Necr      1%         N/A       100%        8
 Summon Horrible Things   Summ           1%         N/A       100%        8
 Death's Door             Necr           1%         N/A       100%        9
 Polar Vortex             Ice            1%         N/A       100%        9


Dungeon Overview and Level Annotations

Branches:
Dungeon (10/15) Zot: 903   Temple (1/1) D:6 Zot: 262    Lair (5/5) D:9 Zot: 181
 Shoals (0/4) Lair:3       Spider (3/4) Lair:3 Zot: 735   Slime (0/5) Lair:5
Volcano (visited)         Gauntlet (visited)
    Orc: D:9-12

Altars:
Ashenzari
Cheibriados
Dithmenos
Elyvilon
Fedhas
Gozag
Hepliaklqana
Kikubaaqudgha
Makhleb
Nemelex Xobeh
Okawaru
Qazlal
Ru
Sif Muna
Trog
Uskayaw
Vehumet
Wu Jian
Xom
Yredelemnul
Zin
The Shining One
Jiyva

Shops:
D:8 [

Annotations:
D:5 Ijyb, Menkaure
D:7 1 runed translucent door, lanetrain's ghost, novice TrEE
D:8 3 runed translucent doors
D:9 3 runed translucent doors, Sanktem7's ghost, novice MiBe


Innate Abilities, Weirdness & Mutations

Your life essence is reduced to manifest your ancestor. (-10% HP)
You passively map the area around you.
You are easily found by Zot.
You glow in the dark.
You regain HP and MP as you explore.


Message History

You reach to attack!
You closely miss the tarantella.
The tarantella is almost dead.
The tarantella touches Leofsige but does no damage.
Leofsige completely misses the tarantella.
Reach: y) +0 halberd (freeze)
Press: ? - help, Dir - move target, f/p - tarantella
Aim: a tarantella (almost dead, ally target, about 39% to evade your +0 halberd of freezing)
You reach to attack!
You slash the tarantella! You freeze the tarantella.
You kill the tarantella!
Your Armour skill increases to level 13!
You swap places.
A redback comes into view.
The tarantella's many legs skitter faintly.
Reach: y) +0 halberd (freeze)
Press: ? - help, Dir - move target, f - tarantella
Aim: a tarantella (about 39% to evade your +0 halberd of freezing)
You reach to attack!
You barely miss the tarantella.
Leofsige hits the redback with a +0 broad axe of flaming!
Leofsige burns the redback.
Leofsige hits the tarantella with a +0 broad axe of flaming.
Leofsige burns the tarantella.
Leofsige blocks the tarantella's attack.
Leofsige blocks the redback's attack.
Reach: y) +0 halberd (freeze)
Press: ? - help, Dir - move target, f/p - tarantella
Aim: a tarantella (lightly wounded, not watching you, ally target, about 39% to evade your +0 halberd of freezing)
You reach to attack!
You miss the tarantella.
The tarantella is lightly wounded.
The redback bites Leofsige but does no damage.
Leofsige hits the tarantella with a +0 broad axe of flaming!
Leofsige burns the tarantella.
Leofsige misses the redback.
Reach: y) +0 halberd (freeze)
Press: ? - help, Dir - move target, f/p - tarantella
Aim: a tarantella (heavily wounded, ally target, about 39% to evade your +0 halberd of freezing)
You hit the tarantella. You freeze the tarantella.
The tarantella is severely wounded.
Leofsige blocks the redback's attack.
The tarantella closely misses you.
Reach: y) +0 halberd (freeze)
Press: ? - help, Dir - move target, f/p - tarantella
Aim: a tarantella (severely wounded, ally target, about 39% to evade your +0 halberd of freezing)
You closely miss the tarantella.
The tarantella is severely wounded.
A redback comes into view.
The redback bites Leofsige but does no damage.
Leofsige hits the redback with a +0 broad axe of flaming!
Leofsige burns the redback.
The redback dies!
Leofsige hits the tarantella with a +0 broad axe of flaming!
Leofsige burns the tarantella.
The tarantella dies!
What are your orders? t - Shout!
Orders for allies: a - Attack new target. r - Retreat! s - Stop attacking. g - Guard the area. f - Follow me.
Anything else - Cancel.
Follow me!
Reach: y) +0 halberd (freeze)
Press: ? - help, Dir - move target, f - redback
Aim: a redback (about 34% to evade your +0 halberd of freezing)
You slash the redback! You freeze the redback.
The redback is almost dead.
The redback closely misses you.
Leofsige hits the redback with a +0 broad axe of flaming!
Leofsige burns the redback.
The redback dies!
Reach: y) +0 halberd (freeze)
Press: ? - help, Dir - move target, f - redback
Aim: a redback (ally target, about 34% to evade your +0 halberd of freezing)
You reach to attack!
You barely miss the redback.
Reach: y) +0 halberd (freeze)
Press: ? - help, Dir - move target, f/p - redback
Aim: a redback (ally target, about 34% to evade your +0 halberd of freezing)
You slice the redback!! You freeze the redback.
You kill the redback!
Your Stealth skill increases to level 8!
You see here a redback corpse.
You see here a +0 short sword.
Leofsige passes through a web.
Reach: y) +0 halberd (freeze)
Press: ? - help, Dir - move target, f - redback
Aim: a redback (ally target, about 34% to evade your +0 halberd of freezing)
You reach to attack!
You hit the redback. You freeze the redback.
The redback is moderately wounded.
Reach: y) +0 halberd (freeze)
Press: ? - help, Dir - move target, f/p - redback
Aim: a redback (moderately wounded, ally target, about 34% to evade your +0 halberd of freezing)
You slash the redback! You freeze the redback.
The redback is almost dead.
The redback bites you but does no damage.
Leofsige completely misses the redback.
Reach: y) +0 halberd (freeze)
Press: ? - help, Dir - move target, f/p - redback
Aim: a redback (almost dead, ally target, about 34% to evade your +0 halberd of freezing)
You hit the redback. You freeze the redback.
You kill the redback!
w - 9 poisoned darts (gained 6)
A tarantella comes into view.
A jumping spider comes into view.
The jumping spider leaps!
A jumping spider comes into view.
The jumping spider leaps!
What are your orders? t - Shout!
Orders for allies: a - Attack new target. r - Retreat! s - Stop attacking. g - Guard the area. f - Follow me.
Anything else - Cancel.
Follow me!
The jumping spider leaps!
The jumping spider leaps! x3
The jumping spider leaps! x2
You puncture the jumping spider! You freeze the jumping spider.
The jumping spider is heavily wounded.
The jumping spider leaps!
You slice the jumping spider!! You freeze the jumping spider!
You kill the jumping spider!
Unknown command.
Reach: y) +0 halberd (freeze)
Press: ? - help, Dir - move target, f - jumping spider
Aim: a jumping spider (heavily wounded, ally target, about 34% to evade your +0 halberd of freezing)
You reach to attack!
You hit the jumping spider. You freeze the jumping spider.
The jumping spider is heavily wounded.
The jumping spider leaps!
You barely miss the jumping spider.
The jumping spider is heavily wounded.
A tarantella comes into view.
The jumping spider pounces on you.
The jumping spider bites you but does no damage.
You barely miss the jumping spider.
The jumping spider is heavily wounded.
The jumping spider closely misses you. The jumping spider barely misses you.
The jumping spider leaps!
You hit the jumping spider. You freeze the jumping spider.
The jumping spider is severely wounded.
The jumping spider leaps!
The jumping spider leaps!
What are your orders? t - Shout!
Orders for allies: a - Attack new target. p - Attack previous target. r - Retreat! s - Stop attacking. g - Guard the area. f - Follow me.
Anything else - Cancel.
Follow me!
The jumping spider leaps!
Reach: y) +0 halberd (freeze)
Press: ? - help, Dir - move target, f - Leofsige, p - jumping spider
Aim: Leofsige the knight, wielding a +0 broad axe of flaming and wearing a +0 kite shield (friendly, about 26% to evade your +0 halberd of freezing)
Okay, then.
What are your orders? t - Shout!
Orders for allies: a - Attack new target. p - Attack previous target. r - Retreat! s - Stop attacking. g - Guard the area. f - Follow me.
Anything else - Cancel.
Okay, then.
Unknown command.
The tarantella misses Leofsige.
Reach: y) +0 halberd (freeze)
Press: ? - help, Dir - move target, f - tarantella, p - jumping spider
Aim: a tarantella (about 39% to evade your +0 halberd of freezing)
You reach to attack!
You impale the tarantella!! You freeze the tarantella!
You kill the tarantella!
Leofsige hits the jumping spider with a +0 broad axe of flaming!
Leofsige burns the jumping spider.
The jumping spider dies!
The tarantella's many legs skitter faintly.
A jorogumo comes into view.
What are your orders? t - Shout!
Orders for allies: a - Attack new target. r - Retreat! s - Stop attacking. g - Guard the area. f - Follow me.
Anything else - Cancel.
Follow me!
A culicivora comes into view.
Reach: y) +0 halberd (freeze)
Press: ? - help, Dir - move target, f - jumping spider
Aim: a jumping spider (about 34% to evade your +0 halberd of freezing)
You reach to attack!
You slash the jumping spider! You freeze the jumping spider.
The jumping spider is severely wounded.
Leofsige hits the jumping spider with a +0 broad axe of flaming!
Leofsige burns the jumping spider.
The jumping spider dies!
Leofsige closely misses the tarantella.
Reach: y) +0 halberd (freeze)
Press: ? - help, Dir - move target, f - tarantella
Aim: a tarantella (about 39% to evade your +0 halberd of freezing)
You reach to attack!
You slash the tarantella! You freeze the tarantella.
The tarantella is severely wounded.
Leofsige blocks the tarantella's attack.
Leofsige hits the tarantella with a +0 broad axe of flaming.
Leofsige burns the tarantella.
Reach: y) +0 halberd (freeze)
Press: ? - help, Dir - move target, f/p - tarantella
Aim: a tarantella (almost dead, ally target, about 39% to evade your +0 halberd of freezing)
You reach to attack!
You barely miss the tarantella.
The tarantella is almost dead.
Leofsige blocks the tarantella's attack.
Reach: y) +0 halberd (freeze)
Press: ? - help, Dir - move target, f/p - tarantella
Aim: a tarantella (almost dead, ally target, about 39% to evade your +0 halberd of freezing)
You reach to attack!
You miss the tarantella.
The tarantella is almost dead.
The tarantella is healed somewhat.
The tarantella barely misses Leofsige.
Leofsige barely misses the tarantella.
Reach: y) +0 halberd (freeze)
Press: ? - help, Dir - move target, f/p - tarantella
Aim: a tarantella (heavily wounded, ally target, about 39% to evade your +0 halberd of freezing)
You reach to attack!
You miss the tarantella.
The tarantella is heavily wounded.
The tarantella closely misses Leofsige.
Leofsige barely misses the tarantella.
Reach: y) +0 halberd (freeze)
Press: ? - help, Dir - move target, f/p - tarantella
Aim: a tarantella (heavily wounded, ally target, about 39% to evade your +0 halberd of freezing)
You reach to attack!
You impale the tarantella!! You freeze the tarantella.
You kill the tarantella!
Reach: y) +0 halberd (freeze)
Press: ? - help, Dir - move target, f - culicivora
Aim: a culicivora (ally target, about 44% to evade your +0 halberd of freezing)
You reach to attack!
You barely miss the culicivora.
The culicivora barely misses Leofsige.
Leofsige hits the culicivora with a +0 broad axe of flaming!
Leofsige burns the culicivora.
Reach: y) +0 halberd (freeze)
Press: ? - help, Dir - move target, f/p - culicivora
Aim: a culicivora (moderately wounded, ally target, about 44% to evade your +0 halberd of freezing)
You reach to attack!
You closely miss the culicivora.
The culicivora is moderately wounded.
Leofsige blocks the culicivora's attack.
Leofsige closely misses the culicivora.
Reach: y) +0 halberd (freeze)
Press: ? - help, Dir - move target, f/p - culicivora
Aim: a culicivora (moderately wounded, ally target, about 44% to evade your +0 halberd of freezing)
You reach to attack!
You slash the culicivora! You freeze the culicivora.
The culicivora is almost dead.
Leofsige blocks the culicivora's attack.
The culicivora barely misses Leofsige.
Reach: y) +0 halberd (freeze)
Press: ? - help, Dir - move target, f/p - culicivora
Aim: a culicivora (almost dead, ally target, about 44% to evade your +0 halberd of freezing)
You reach to attack!
You slice the culicivora!! You freeze the culicivora.
You kill the culicivora!
A torpor snail comes into view.
Found a potion of resistance.
Being near the torpor snail leaves you feeling lethargic.
You see here a potion of curing.
E - 4 potions of curing (gained 1)
What are your orders? t - Shout!
Orders for allies: a - Attack new target. r - Retreat! s - Stop attacking. g - Guard the area. f - Follow me.
Anything else - Cancel.
Follow me!
You feel yourself speed up.
Leofsige is no longer moving slowly.
Being near the torpor snail leaves you feeling lethargic.
Reach: y) +0 halberd (freeze)
Press: ? - help, Dir - move target, f - torpor snail
Aim: a torpor snail (about 6% to evade your +0 halberd of freezing)
You reach to attack!
You slice the torpor snail!! You freeze the torpor snail!
The torpor snail is severely wounded.
Leofsige hits the torpor snail with a +0 broad axe of flaming.
Leofsige burns the torpor snail.
The torpor snail bites Leofsige!
Reach: y) +0 halberd (freeze)
Press: ? - help, Dir - move target, f/p - torpor snail
Aim: a torpor snail (almost dead, ally target, about 6% to evade your +0 halberd of freezing)
You reach to attack!
You impale the torpor snail!! You freeze the torpor snail.
You kill the torpor snail!
You feel yourself speed up.
Leofsige is no longer moving slowly.
You swap places.
A tarantella comes into view.
You see here a potion of resistance.
l - a potion of resistance The tarantella's many legs skitter faintly.
A culicivora comes into view.
Leofsige passes through a web.
What are your orders? t - Shout!
Orders for allies: a - Attack new target. r - Retreat! s - Stop attacking. g - Guard the area. f - Follow me.
Anything else - Cancel.
Follow me!
Reach: y) +0 halberd (freeze)
Press: ? - help, Dir - move target, f - tarantella
Aim: a tarantella (about 39% to evade your +0 halberd of freezing)
You slice the tarantella!! You freeze the tarantella.
You kill the tarantella!
Reach: y) +0 halberd (freeze)
Press: ? - help, Dir - move target, f - culicivora
Aim: a culicivora (ally target, about 44% to evade your +0 halberd of freezing)
You reach to attack!
You closely miss the culicivora.
Leofsige blocks the culicivora's attack.
Leofsige hits the culicivora with a +0 broad axe of flaming!
Leofsige burns the culicivora.
Reach: y) +0 halberd (freeze)
Press: ? - help, Dir - move target, f/p - culicivora
Aim: a culicivora (moderately wounded, ally target, about 44% to evade your +0 halberd of freezing)
You reach to attack!
You hit the culicivora. You freeze the culicivora.
The culicivora is moderately wounded.
The culicivora bites Leofsige but does no damage.
Leofsige closely misses the culicivora.
Reach: y) +0 halberd (freeze)
Press: ? - help, Dir - move target, f/p - culicivora
Aim: a culicivora (moderately wounded, ally target, about 44% to evade your +0 halberd of freezing)
You reach to attack!
You slash the culicivora! You freeze the culicivora.
The culicivora is severely wounded.
Leofsige blocks the culicivora's attack.
The culicivora bites Leofsige!
Reach: y) +0 halberd (freeze)
Press: ? - help, Dir - move target, f/p - culicivora
Aim: a culicivora (severely wounded, ally target, about 44% to evade your +0 halberd of freezing)
You reach to attack!
You slash the culicivora! You freeze the culicivora.
You kill the culicivora!
Leofsige passes through a web.
Reach: y) +0 halberd (freeze)
Press: ? - help, Dir - move target, f - wolf spider
Aim: a wolf spider (ally target, about 29% to evade your +0 halberd of freezing)
You reach to attack!
You slash the wolf spider! You freeze the wolf spider.
The wolf spider is moderately wounded.
Leofsige hits the wolf spider with a +0 broad axe of flaming!
Leofsige burns the wolf spider.
Reach: y) +0 halberd (freeze)
Press: ? - help, Dir - move target, f/p - wolf spider
Aim: a wolf spider (severely wounded, ally target, about 29% to evade your +0 halberd of freezing)
You puncture the wolf spider! You freeze the wolf spider.
You kill the wolf spider!
The culicivora barely misses Leofsige.
Leofsige hits the culicivora with a +0 broad axe of flaming!
Leofsige burns the culicivora.
Reach: y) +0 halberd (freeze)
Press: ? - help, Dir - move target, f - culicivora
Aim: a culicivora (moderately wounded, ally target, about 44% to evade your +0 halberd of freezing)
You reach to attack!
You closely miss the culicivora.
The culicivora is moderately wounded.
The culicivora closely misses Leofsige.
Reach: y) +0 halberd (freeze)
Press: ? - help, Dir - move target, f/p - culicivora
Aim: a culicivora (moderately wounded, ally target, about 44% to evade your +0 halberd of freezing)
You reach to attack!
You hit the culicivora. You freeze the culicivora.
The culicivora is heavily wounded.
Leofsige hits the culicivora with a +0 broad axe of flaming!
Leofsige burns the culicivora.
Leofsige blocks the culicivora's attack.
Reach: y) +0 halberd (freeze)
Press: ? - help, Dir - move target, f/p - culicivora
Aim: a culicivora (severely wounded, ally target, about 44% to evade your +0 halberd of freezing)
You reach to attack!
You hit the culicivora but do no damage.
The culicivora is severely wounded.
Leofsige blocks the culicivora's attack.
Leofsige hits the culicivora with a +0 broad axe of flaming!
Leofsige burns the culicivora.
The culicivora dies!
The jorogumo shouts!
You hear a faint skittering sound.
The jorogumo casts a spell at you.
The stream of webbing hits you but does no damage.
You are caught in a web!
There is a web here.
The web tears apart.
A redback comes into view.
The jorogumo stares at you and mumbles some strange words.
The bolt of negative energy hits you.
You feel drained. What are your orders? t - Shout!
Orders for allies: a - Attack new target. r - Retreat! s - Stop attacking. g - Guard the area. f - Follow me.
Anything else - Cancel.
Follow me!
The jorogumo casts a spell at you. The bolt of negative energy hits you!
You feel drained.
A tarantella comes into view.
You have lingered too long.
Zot senses you.
Dive deeper or flee this branch before you suffer!
A sun moth comes into view.
Reach: y) +0 halberd (freeze)
Press: ? - help, Dir - move target, f - redback
Aim: a redback (about 34% to evade your +0 halberd of freezing)
You reach to attack!
You barely miss the redback.
Reach: y) +0 halberd (freeze)
Press: ? - help, Dir - move target, f/p - redback
Aim: a redback (ally target, about 34% to evade your +0 halberd of freezing)
You puncture the redback! You freeze the redback.
The redback is severely wounded.
Leofsige hits the redback with a +0 broad axe of flaming!
Leofsige burns the redback.
The redback dies!
Leofsige hits the tarantella with a +0 broad axe of flaming!
Leofsige burns the tarantella.
Leofsige barely misses the jorogumo.
You feel very mighty all of a sudden.
The jorogumo hits Leofsige but does no damage.
The tarantella touches you but does no damage.
Leofsige hits the jorogumo with a +0 broad axe of flaming!
Leofsige burns the jorogumo.
Leofsige barely misses the tarantella.
A redback comes into view.
Reach: y) +0 halberd (freeze)
Press: ? - help, Dir - move target, f - tarantella
Aim: a tarantella (moderately wounded, about 39% to evade your +0 halberd of freezing)
You puncture the tarantella! You freeze the tarantella.
The tarantella is almost dead.
Leofsige blocks the jorogumo's attack.
The tarantella touches you.
Leofsige hits the jorogumo with a +0 broad axe of flaming!
Leofsige burns the jorogumo.
Leofsige hits the tarantella with a +0 broad axe of flaming.
Leofsige burns the tarantella.
The tarantella dies!
Reach: y) +0 halberd (freeze)
Press: ? - help, Dir - move target, f - jorogumo
Aim: a jorogumo (moderately wounded, ally target, haloed, about 26% to evade your +0 halberd of freezing)
You reach to attack!
You slash the jorogumo! You freeze the jorogumo.
The jorogumo is heavily wounded.
The sun moth throws energy at you. The bolt of energy hits you!
The jorogumo hits Leofsige but does no damage.
Reach: y) +0 halberd (freeze)
Press: ? - help, Dir - move target, f/p - jorogumo
Aim: a jorogumo (heavily wounded, ally target, haloed, about 26% to evade your +0 halberd of freezing)
You reach to attack!
You impale the jorogumo!! You freeze the jorogumo!
The jorogumo is almost dead.
Leofsige hits the jorogumo with a +0 broad axe of flaming!
Leofsige burns the jorogumo.
The jorogumo dies!
Reach: y) +0 halberd (freeze)
Press: ? - help, Dir - move target, f - sun moth
Aim: a sun moth (haloed, about 21% to evade your +0 halberd of freezing)
You reach to attack!
You closely miss the sun moth.
Leofsige blocks the redback's attack.
Leofsige barely misses the sun moth.
Leofsige misses the redback.
Reach: y) +0 halberd (freeze)
Press: ? - help, Dir - move target, f/p - sun moth
Aim: a sun moth (ally target, haloed, about 21% to evade your +0 halberd of freezing)
You impale the sun moth!! You freeze the sun moth!
The sun moth is heavily wounded.
The redback closely misses Leofsige.
Leofsige hits the sun moth with a +0 broad axe of flaming!
Leofsige burns the sun moth.
Leofsige hits the redback with a +0 broad axe of flaming!
Leofsige burns the redback.
The sun moth bites you but does no damage.
Reach: y) +0 halberd (freeze)
Press: ? - help, Dir - move target, f/p - sun moth
Aim: a sun moth (severely wounded, ally target, haloed, about 21% to evade your +0 halberd of freezing)
You closely miss the sun moth.
The sun moth is severely wounded.
The redback closely misses Leofsige.
Reach: y) +0 halberd (freeze)
Press: ? - help, Dir - move target, f/p - sun moth
Aim: a sun moth (severely wounded, ally target, haloed, about 21% to evade your +0 halberd of freezing)
You closely miss the sun moth.
The sun moth is severely wounded.
The sun moth throws sticky fire at you. The sticky flame misses you.
The redback bites Leofsige.
Leofsige closely misses the sun moth.
Leofsige misses the redback.
Reach: y) +0 halberd (freeze)
Press: ? - help, Dir - move target, f/p - sun moth
Aim: a sun moth (severely wounded, ally target, haloed, about 21% to evade your +0 halberd of freezing)
You closely miss the sun moth.
The sun moth is severely wounded.
The redback bites Leofsige.
The sun moth throws energy at you. The bolt of energy hits you!!!
* * * LOW HITPOINT WARNING * * *
Leofsige misses the sun moth.
Leofsige hits the redback with a +0 broad axe of flaming!
Leofsige burns the redback.
Unknown command.
Unknown command.
Reach: y) +0 halberd (freeze)
Press: ? - help, Dir - move target, f/p - sun moth
Aim: a sun moth (severely wounded, ally target, haloed, about 21% to evade your +0 halberd of freezing)
You slice the sun moth!! You freeze the sun moth!
You kill the sun moth!
Leofsige blocks the redback's attack.
Your life force feels restored.
Reach: y) +0 halberd (freeze)
Press: ? - help, Dir - move target, f - redback
Aim: a redback (almost dead, ally target, about 34% to evade your +0 halberd of freezing)
You reach to attack!
You slice the redback!! You freeze the redback.
You kill the redback!
You see here a wolf spider corpse.
Leofsige passes through a web.
A redback comes into view.
A tarantella comes into view.
Reach: y) +0 halberd (freeze)
Press: ? - help, Dir - move target, f - you
Okay, then.
Leofsige hits the redback with a +0 broad axe of flaming!
Leofsige burns the redback!
Reach: y) +0 halberd (freeze)
Press: ? - help, Dir - move target, f - redback
Aim: a redback (almost dead, ally target, about 34% to evade your +0 halberd of freezing)
You reach to attack!
You barely miss the redback.
The redback is almost dead.
Reach: y) +0 halberd (freeze)
Press: ? - help, Dir - move target, f/p - redback
Aim: a redback (almost dead, ally target, about 34% to evade your +0 halberd of freezing)
You puncture the redback! You freeze the redback.
You kill the redback!
A redback comes into view.
Reach: y) +0 halberd (freeze)
Press: ? - help, Dir - move target, f - tarantella
Aim: a tarantella (ally target, about 39% to evade your +0 halberd of freezing)
You reach to attack!
You puncture the tarantella! You freeze the tarantella!
You kill the tarantella!
Reach: y) +0 halberd (freeze)
Press: ? - help, Dir - move target, f - redback
Aim: a redback (ally target, about 34% to evade your +0 halberd of freezing)
You reach to attack!
You barely miss the redback.
Reach: y) +0 halberd (freeze)
Press: ? - help, Dir - move target, f/p - redback
Aim: a redback (ally target, about 34% to evade your +0 halberd of freezing)
You closely miss the redback.
The redback bites you but does no damage.
Reach: y) +0 halberd (freeze)
Press: ? - help, Dir - move target, f/p - redback
Aim: a redback (ally target, about 34% to evade your +0 halberd of freezing)
You impale the redback!! You freeze the redback!
You kill the redback!
There is a stone staircase leading down here.
You climb downwards.
As you enter the new level, Zot loses track of you.
Found a stone staircase leading up.
There is a stone staircase leading up here.
You climb upwards.
There is a stone staircase leading down here.
Aiming: Throw Flame
Press: ? - help, Shift-Dir - straight line, f - electric eel
Aim: an electric eel (ally target, 48% to hit)
The puff of flame hits the electric eel.
The electric eel is lightly wounded.
The electric eel is engulfed in a cloud of scalding steam.
You kill the electric eel!
You pick up a book of Power and begin reading...
You add the spells Iskenderun's Battlesphere, Iron Shot and Spellforged Servitor to your library.
A - a ring of ice
Okay, then.
You don't know any spells.
This spell is dangerous to cast!
Memorise Mephitic Cloud, consuming 3 spell levels and leaving 11?
You start memorising the spell.
You continue memorising. x3
You finish memorising.
Spell assigned to 'a'.
Okay, then.
There's nothing to open nearby.
Unknown command.
Unknown command.
Unknown command.
You feel a little less mighty now.
There is a stone staircase leading down here.
You climb downwards.
There is a stone staircase leading up here.
There is a stone staircase leading up here.
Found an escape hatch in the floor.
Found a stone staircase leading up.
Found a robe.
There is a stone staircase leading up here.
A wolf spider comes into view. 2 tarantellas and a wolf spider come into view.
Found a book of the Moon.
The tarantella's many legs skitter faintly. x2
The wolf spider's many legs skitter.
A wolf spider comes into view.
The wolf spider hits you! The wolf spider bites you.
You swap places.
Leofsige hits the wolf spider with a +0 broad axe of flaming.
Leofsige burns the wolf spider.
The wolf spider attacks as you move away!
The wolf spider closely misses you. The wolf spider bites you.
Leofsige hits the wolf spider with a +0 broad axe of flaming!
Leofsige burns the wolf spider.
The wolf spider closely misses you.
The wolf spider bites you but does no damage.
You hit the wolf spider but do no damage.
The wolf spider is moderately wounded.
Leofsige barely misses the wolf spider.
Leofsige hits the tarantella with a +0 broad axe of flaming!
Leofsige burns the tarantella.
The wolf spider barely misses you.
The wolf spider bites you but does no damage.
You impale the wolf spider!! You freeze the wolf spider.
You kill the wolf spider!
Leofsige completely misses the tarantella.
Leofsige hits the tarantella with a +0 broad axe of flaming!
Leofsige burns the tarantella.
You closely miss the tarantella.
The tarantella is severely wounded.
You impale the tarantella!! You freeze the tarantella.
You kill the tarantella!
Leofsige closely misses the wolf spider.
Leofsige closely misses the tarantella.
Leofsige closely misses the wolf spider.
You slice the tarantella!! You freeze the tarantella!
You kill the tarantella!
Leofsige hits the wolf spider with a +0 broad axe of flaming!
Leofsige burns the wolf spider.
Leofsige hits the wolf spider with a +0 broad axe of flaming.
Leofsige burns the wolf spider.
Your Spellcasting skill increases to level 1!
Your Conjurations skill increases to level 1!
Your Air Magic skill increases to level 1!
You slice the wolf spider!! You freeze the wolf spider!
You kill the wolf spider!
You slash the wolf spider! You freeze the wolf spider.
The wolf spider is moderately wounded.
The wolf spider hits you. The wolf spider misses you.
Leofsige barely misses the wolf spider.
You hit the wolf spider. You freeze the wolf spider.
The wolf spider is moderately wounded.
The wolf spider hits you but does no damage.
The wolf spider bites you but does no damage.
Leofsige hits the wolf spider with a +0 broad axe of flaming.
Leofsige burns the wolf spider.
You slash the wolf spider! You freeze the wolf spider.
The wolf spider is almost dead.
The wolf spider misses you. The wolf spider barely misses you.
Leofsige hits the wolf spider with a +0 broad axe of flaming!
Leofsige burns the wolf spider.
You puncture the wolf spider! You freeze the wolf spider.
You kill the wolf spider!
Things that are here:
a wolf spider corpse; a wolf spider corpse Leofsige passes through a web.
You pick up a book of the Moon and begin reading...
You add the spells Passage of Golubria, Silence and Lehudib's Crystal Spear to your library.
Unknown command.
Okay, then.
Found 14 gold pieces.
You now have 552 gold pieces (gained 14).
l - 2 potions of resistance (gained 1)
Okay, then.
Found a halberd.
A redback comes into view.
You swap places.
What are your orders? t - Shout!
Orders for allies: a - Attack new target. r - Retreat! s - Stop attacking. g - Guard the area. f - Follow me.
Anything else - Cancel.
Follow me!
You swap places.
The redback bites you but does no damage.
You closely miss the redback. The redback closely misses you.
Leofsige hits the redback with a +0 broad axe of flaming!
Leofsige burns the redback.
You completely miss the redback.
The redback is severely wounded.
The redback bites you!
Leofsige hits the redback with a +0 broad axe of flaming!!
Leofsige burns the redback.
The redback dies!
You see here a redback corpse.
What are your orders? t - Shout!
Orders for allies: a - Attack new target. r - Retreat! s - Stop attacking. g - Guard the area. f - Follow me.
Anything else - Cancel.
Follow me!
You see here a redback corpse.
A sun moth comes into view.
What are your orders? t - Shout!
Orders for allies: a - Attack new target. r - Retreat! s - Stop attacking. g - Guard the area. f - Follow me.
Anything else - Cancel.
Okay, then.
What are your orders? t - Shout!
Orders for allies: a - Attack new target. r - Retreat! s - Stop attacking. g - Guard the area. f - Follow me.
Anything else - Cancel.
Gang up on whom?
Press: ? - help, Dir - move target, f - sun moth
Aim: a sun moth (haloed) Attack!
Leofsige closely misses the sun moth.
You reach to attack!
You slice the sun moth!! You freeze the sun moth.
The sun moth is moderately wounded.
Leofsige blocks the sun moth's attack.
You reach to attack!
You slash the sun moth! You freeze the sun moth!
The sun moth is severely wounded.
Leofsige hits the sun moth but does no damage.
You reach to attack!
You impale the sun moth!! You freeze the sun moth!
You kill the sun moth!
Your Spellcasting skill increases to level 2!
Your Conjurations skill increases to level 2!
Your Air Magic skill increases to level 2!
You swap places.
Found a scroll of magic mapping.
t - 4 scrolls of magic mapping (gained 1)
You see here a redback corpse.
Leofsige passes through a web.
Things that are here:
a wolf spider corpse; a wolf spider corpse
There is a stone staircase leading up here.
There is a stone staircase leading up here.
Found 16 gold pieces.
Found a stone staircase leading down.
Leofsige passes through a web.
There is a stone staircase leading down here.
You climb downwards.
There is a stone staircase leading up here.
You climb upwards.
There is a stone staircase leading down here.
A redback comes into view.
You see here 16 gold pieces.
You now have 568 gold pieces (gained 16).
You reach to attack!
You puncture the redback! You freeze the redback.
The redback is moderately wounded.
You slash the redback! You freeze the redback.
The redback is almost dead.
The redback bites you but does no damage.
You hit the redback. You freeze the redback.
The redback is almost dead.
The redback closely misses you.
You barely miss the redback.
The redback is almost dead.
The redback bites you!
Leofsige hits the redback with a +0 broad axe of flaming!
Leofsige burns the redback.
The redback dies! 2 redbacks come into view.
You slash the redback! You freeze the redback.
The redback is heavily wounded.
The redback barely misses you.
A redback comes into view.
You completely miss the redback.
The redback is heavily wounded.
You closely miss the redback.
The redback is heavily wounded.
The redback bites you but does no damage. x2
Leofsige hits the redback with a +0 broad axe of flaming!
Leofsige burns the redback.
The redback dies!
You puncture the redback! You freeze the redback!
You kill the redback!
You slash the redback! You freeze the redback.
The redback is almost dead.
The redback bites you but does no damage.
Leofsige barely misses the redback.
You closely miss the redback.
The redback is almost dead.
The redback bites you.
You are poisoned.
The redback poisons you!
Leofsige hits the redback with a +0 broad axe of flaming!
Leofsige burns the redback.
The redback dies!
No target in view!
You feel extremely sick.
You feel extremely sick.
You feel very sick.
You see here a redback corpse.
You feel very sick.
You feel very sick.
You feel very sick.
You feel sick.
You feel sick.
You feel sick.
You feel sick.
A torpor snail comes into view.
You feel sick.
Being near the torpor snail leaves you feeling lethargic.
You feel sick.
You reach to attack!
The helpless torpor snail fails to defend itself.
You impale the torpor snail!! You freeze the torpor snail!
The torpor snail is severely wounded.
You feel sick.
You reach to attack!
You slash the torpor snail! You freeze the torpor snail.
You kill the torpor snail!
You feel yourself speed up.
You feel sick.
You are no longer poisoned.
You hear a hideous shriek!
Leofsige is no longer moving slowly.
A demonic crawler comes into view.
Found 32 gold pieces.
The demonic crawler gives a hideous shriek!
The demonic crawler shrieks in warning!
You reach to attack!
You hit the demonic crawler.
The demonic crawler is lightly wounded.
You swap places.
Leofsige closely misses the demonic crawler.
Leofsige blocks the demonic crawler's attack.
The demonic crawler hits Leofsige.
The demonic crawler hits Leofsige!
You reach to attack!
You puncture the demonic crawler! You freeze the demonic crawler.
The demonic crawler is moderately wounded.
Leofsige blocks the demonic crawler's attack. x2
The demonic crawler hits Leofsige!
Leofsige hits the demonic crawler with a +0 broad axe of flaming.
You reach to attack!
You puncture the demonic crawler!
The demonic crawler is heavily wounded.
Leofsige blocks the demonic crawler's attack.
The demonic crawler barely misses Leofsige.
The demonic crawler hits Leofsige!
Leofsige hits the demonic crawler with a +0 broad axe of flaming!
You reach to attack!
You puncture the demonic crawler! You freeze the demonic crawler.
The demonic crawler is almost dead.
Leofsige blocks the demonic crawler's attack.
The demonic crawler hits Leofsige. x2
You reach to attack!
You barely miss the demonic crawler.
The demonic crawler is almost dead.
Leofsige hits the demonic crawler with a +0 broad axe of flaming.
The demonic crawler shrieks in warning!
You reach to attack!
You barely miss the demonic crawler.
The demonic crawler is almost dead.
Leofsige hits the demonic crawler with a +0 broad axe of flaming!
Leofsige burns the demonic crawler.
The demonic crawler dies!
No target in view!
You swap places.
You see here a demonic crawler corpse.
You now have 600 gold pieces (gained 32).
Found 15 gold pieces.
You now have 615 gold pieces (gained 15).
Found a stone staircase leading down.
There is a stone staircase leading down here.
You climb downwards.
There is a stone staircase leading up here.
You climb upwards.
There is a stone staircase leading down here.
Found 21 gold pieces.
You now have enough gold to buy a runed plate armour on D:8.
You can access your shopping list by pressing '$'.
You now have 636 gold pieces (gained 21).
Leofsige passes through a web.
Found a stone staircase leading down.
There is a stone staircase leading down here.
You climb downwards.
The ghost moth stares at you.
You feel your power leaking away.
There is a stone staircase leading up here.
You reach to attack!
You slice the ghost moth!! You freeze the ghost moth.
The ghost moth is heavily wounded.
Leofsige hits the ghost moth but does no damage.
You reach to attack!
You closely miss the ghost moth.
The ghost moth is heavily wounded.
The ghost moth hits Leofsige.
The ghost moth hits Leofsige!
The ghost moth stings Leofsige.
You reach to attack!
You puncture the ghost moth! You freeze the ghost moth.
The ghost moth is severely wounded.
The ghost moth hits Leofsige!
The ghost moth hits Leofsige but does no damage.
Leofsige blocks the ghost moth's attack.
Leofsige hits the ghost moth with a +0 broad axe of flaming.
Leofsige burns the ghost moth.
You reach to attack!
You puncture the ghost moth! You freeze the ghost moth.
You kill the ghost moth!
You climb upwards.
There is a stone staircase leading down here.
Found a smoky amethyst potion.
A ghost moth comes into view.
The ghost moth stares at you.
You feel your power leaking away.
You see here a smoky amethyst potion.
You reach to attack!
You slash the ghost moth! You freeze the ghost moth.
The ghost moth is moderately wounded.
The teleport trap disappears.
The ghost moth disappears!
H - 2 smoky amethyst potions (gained 1)
Found a wand of roots (4).
x - a wand of roots (8) (gained 4 charges) Leofsige passes through a web.
A culicivora comes into view.
The culicivora's many legs skitter faintly.
The culicivora moves out of view.
A culicivora comes into view.
You swap places.
A redback comes into view.
You swap places.
You swap places.
You reach to attack!
You miss the culicivora.
Leofsige blocks the culicivora's attack.
Leofsige hits the culicivora with a +0 broad axe of flaming!!
Leofsige burns the culicivora.
Leofsige hits the culicivora with a +0 broad axe of flaming.
Leofsige burns the culicivora.
You reach to attack!
You closely miss the culicivora.
The culicivora is severely wounded.
Leofsige blocks the culicivora's attack.
The culicivora bites Leofsige but does no damage.
Leofsige hits the culicivora with a +0 broad axe of flaming!
Leofsige burns the culicivora.
The culicivora dies!
Leofsige misses the culicivora.
You reach to attack!
You miss the culicivora.
The culicivora is lightly wounded.
Leofsige blocks the culicivora's attack.
You reach to attack!
You hit the culicivora. You freeze the culicivora.
The culicivora is moderately wounded.
The culicivora bites Leofsige!
Leofsige barely misses the culicivora.
Leofsige hits the redback with a +0 broad axe of flaming.
Leofsige burns the redback.
The redback bites Leofsige.
You reach to attack!
You barely miss the culicivora.
The culicivora is moderately wounded.
The redback's wounds heal themselves!
The redback bites Leofsige.
Leofsige misses the culicivora.
Leofsige hits the redback with a +0 broad axe of flaming.
Leofsige burns the redback.
You reach to attack!
You closely miss the culicivora.
The culicivora is moderately wounded.
The redback's wounds heal themselves!
Leofsige blocks the redback's attack.
Leofsige misses the culicivora.
Leofsige hits the redback with a +0 broad axe of flaming!
Leofsige burns the redback.
You reach to attack!
You barely miss the redback.
The redback is severely wounded.
Leofsige blocks the culicivora's attack.
The redback bites Leofsige!
You reach to attack!
You closely miss the redback.
The redback is severely wounded.
The culicivora barely misses Leofsige.
Leofsige blocks the redback's attack.
Leofsige hits the redback with a +0 broad axe of flaming!
Leofsige burns the redback.
The redback dies!
Leofsige closely misses the culicivora.
Your Conjurations skill increases to level 3!
Your Air Magic skill increases to level 3!
You reach to attack!
You barely miss the culicivora.
The culicivora is moderately wounded.
The culicivora bites Leofsige!
Leofsige misses the culicivora.
The culicivora bites Leofsige.
You reach to attack!
You slice the culicivora!! You freeze the culicivora.
The culicivora is almost dead.
Leofsige blocks the culicivora's attack.
You reach to attack!
You slash the culicivora! You freeze the culicivora.
You kill the culicivora!
Your Spellcasting skill increases to level 3!
No target in view!
You swap places.
You swap places.
Leofsige passes through a web.
Leofsige passes through a web.
Ancestor HP restored.
There is a stone staircase leading down here.
You climb downwards.
There is a stone staircase leading up here.
Found a scroll of torment.
Leofsige passes through a web.
K - 3 scrolls of torment (gained 1)
Found a scale mail.
A spark wasp comes into view.
The spark wasp buzzes angrily.
The spark wasp bursts into living lightning!
The living lightning hits you!!
Your corrosive artefact corrodes you!
The spark wasp blinks! x2; The spark wasp stings you!
The spark wasp shocks you!
* * * LOW HITPOINT WARNING * * *
You hit the spark wasp but do no damage.
The spark wasp closely misses you.
Unknown command.
Unknown command.
Unknown command.
Unknown command.
Unknown command.
You feel protected. The spark wasp stings you.
* * * LOW HITPOINT WARNING * * *
The spark wasp shocks you. You resist.
* * * LOW HITPOINT WARNING * * *
Leofsige barely misses the spark wasp.
You feel better. The spark wasp barely misses you. The spark wasp stings you!
* * * LOW HITPOINT WARNING * * *
The spark wasp shocks you. You resist.
* * * LOW HITPOINT WARNING * * *
Leofsige hits the spark wasp with a +0 broad axe of flaming!!
Leofsige burns the spark wasp.
Okay, then.
Okay, then.
Okay, then.
Okay, then.
Unknown command.
Unknown command.
Press: ? - help, v - describe, . - travel
Here: a spark wasp (moderately wounded, ally target)
The floor.
Unknown command.
Casting: Mephitic Cloud (dangerous; 30% risk of failure)
Confirm with . or Enter, or press ? or * to list all spells.
Aiming: Mephitic Cloud (dangerous; 30% risk of failure)
Press: ? - help, Shift-Dir - straight line The ball explodes into a vile cloud!
The stinking cloud engulfs the spark wasp but does no damage.
The spark wasp is moderately wounded.
The spark wasp stings you!
* * * LOW HITPOINT WARNING * * *
The spark wasp shocks you. You resist.
* * * LOW HITPOINT WARNING * * *
Leofsige barely misses the spark wasp.
Casting: Mephitic Cloud (dangerous; 30% risk of failure)
Confirm with . or Enter, or press ? or * to list all spells.
Aiming: Mephitic Cloud (dangerous; 30% risk of failure)
Press: ? - help, Shift-Dir - straight line You miscast Mephitic Cloud.
You are very lightly contaminated with residual magic.
Nothing appears to happen.
The spark wasp stings you!!
* * * LOW HITPOINT WARNING * * *
The spark wasp shocks you. You resist.
You die...

*** ### *
##....
######.○....
###[..R.°.# ,
##.....@y☼# *
, ,
##...^.#####
* ##.^.#### ,
,
########...##
#.........##
.^......###
.....#### *
** **
...########*
, , , ,,
..####....#
,, *


You could see the friendly Leofsige the knight and a spark wasp (ally target).

Vanquished Creatures
  A ghost moth (Spider:3)
  A broodmother (Spider:1)
  A dire elephant (Gauntlet)
  A minotaur (Gauntlet)
  3 hydras
  2 catoblepae
  A two-headed ogre (D:10)
  2 sun moths
  A pharaoh ant (Spider:1)
  An orb spider (Spider:1)
  6 wolf spiders
  A merfolk siren (Lair:3)
  A black mamba (Lair:5)
  18 cane toads
  5 torpor snails
  2 molten gargoyles (Volcano)
  An efreet (Volcano)
  8 komodo dragons
  3 tyrant leeches (Lair:5)
  2 trolls
  2 merfolk (Lair:3)
  3 polar bears
  11 tarantellas
  5 hornets
  14 blink frogs
  4 jumping spiders (Spider:1)
  A centaur simulacrum (D:10)
  9 culicivoras
  2 fire elementals (Volcano)
  4 wyverns
  A basilisk (Lair:3)
  28 yaks
  16 redbacks
  4 vampire mosquitoes (Lair:5)
  2 swamp worms (Gauntlet)
  An acid dragon (D:8)
  7 water moccasins
  2 ogres
  A sky beast (D:7)
  2 wolves (D:9)
  3 centaurs
  An earth elemental (Volcano)
  16 bullfrogs
  4 scorpions
  A gnoll sergeant (D:9)
  5 wights
  8 electric eels
  2 lava snakes (Lair:5)
  7 hounds
  5 jellies
  5 orc priests
  An iguana (D:5)
  3 orc wizards
  11 hell rats
  12 gnolls
  9 adders
  An ufetubus (D:7)
  2 worms
  A dart slug (D:5)
  20 orcs
  7 ball pythons
  10 endoplasms
  6 giant cockroaches
  8 goblins
  6 hobgoblins
  4 jackals (D:2)
  3 quokkas
  6 bats
  3 frilled lizards
  7 kobolds
  3 rats
  A briar patch (Lair:4)
  A fire vortex (Volcano)
362 creatures vanquished.

Vanquished Creatures (collateral kills)
  2 entropy weavers (Spider:1)
  A hydra (Lair:5)
  A jorogumo (Spider:1)
  A goliath frog (Lair:5)
  3 orb spiders (Spider:1)
  A lindwurm (Lair:2)
  An elephant (Gauntlet)
  A torpor snail (Spider:1)
  A black mamba (Lair:3)
  6 cane toads
  A demonic crawler (Spider:2)
  A merfolk (Lair:3)
  2 tarantellas (Spider:1)
  3 blink frogs
  A slime creature (Lair:5)
  2 jumping spiders (Spider:1)
  4 culicivoras
  A centaur simulacrum (D:10)
  A shadow (D:10)
  A vampire (D:10)
  2 wyverns
  11 redbacks
  6 yaks
  2 fire elementals
  A vampire mosquito (Lair:5)
  6 swamp worms
  2 water moccasins
  A sky beast (D:7)
  An orc warrior (D:9)
  3 wolves (D:9)
  2 centaurs
  4 bullfrogs
  A scorpion (D:6)
  A wight (D:9)
  A hound (D:7)
  A jelly (D:7)
  An orc priest (D:9)
  An iguana (D:7)
  An orc wizard (D:9)
  3 gnolls (D:9)
  2 white imps
  3 orcs
  9 briar patches (Lair:4)
100 creatures vanquished.

Vanquished Creatures (others)
  7 knights
  3 ancestors (D:7)
  A briar patch (Lair:4)
  14 demonic plants (Gauntlet)
  A fire vortex (Volcano)
  7 fungi
  128 plants
161 creatures vanquished.

Grand Total: 623 creatures vanquished

Notes
Turn   | Place    | Note
-------+----------+-------------------------------------------
     0 | D:1      | sleeves the Meteoran Monk began the quest for the Orb.
     0 | D:1      | Reached XP level 1. HP: 19/19 MP: 2/2
    85 | D:2      | Reached XP level 2. HP: 26/26 MP: 3/3
   186 | D:1      | Reached skill level 1 in Armour
   343 | D:1      | Found a faded altar of an unknown god.
   348 | D:1      | Reached XP level 3. HP: 31/31 MP: 4/4
   438 | D:2      | Reached skill level 4 in Dodging
   463 | D:1      | Reached skill level 4 in Polearms
   519 | D:1      | HP: 16/33 [gnoll/+0 flail (11)]
   520 | D:1      | HP: 5/33 [gnoll/+0 flail (11)]
   647 | D:2      | Found a glowing silver altar of Zin.
   738 | D:2      | Reached XP level 4. HP: 38/40 MP: 5/5
   994 | D:2      | Reached skill level 2 in Armour
  1116 | D:3      | HP: 16/40 [gnoll/+0 halberd (13)]
  1121 | D:3      | Reached skill level 4 in Fighting
  1121 | D:3      | Reached XP level 5. HP: 11/46 MP: 6/6
  1157 | D:3      | HP: 21/46 [gnoll/+0 club (5)]
  1439 | D:3      | Reached XP level 6. HP: 52/52 MP: 7/7
  1774 | D:3      | Reached skill level 3 in Armour
  1784 | D:4      | Reached skill level 5 in Dodging
  1804 | D:4      | Reached skill level 5 in Polearms
  2310 | D:4      | Reached XP level 7. HP: 60/60 MP: 8/8
  2319 | D:4      | Found a transporter.
  2335 | D:4      | HP: 24/60 [electric eel/bolt of electricity (8)]
  2336 | D:4      | Glimpsed the power of Zot.
  2343 | D:4      | Found a transporter.
  2369 | D:5      | Entered Level 5 of the Dungeon
  2414 | D:5      | Reached skill level 5 in Fighting
  2539 | D:5      | Reached skill level 4 in Armour
  2567 | D:5      | HP: 22/61 [orc priest/divine providence (13)]
  2572 | D:5      | HP: 21/61 [orc/+0 dagger (2)]
  2589 | D:5      | HP: 19/61 [orc/+0 flail (7)]
  2656 | D:5      | Reached XP level 8. HP: 59/68 MP: 9/9
  2686 | D:5      | Identified the +4 dagger of Fubath {freeze, rCorr Int+4
                  | Stlth+}
  2695 | D:5      | Noticed Menkaure
  2695 | D:5      | Noticed Ijyb
  2937 | D:5      | Reached skill level 6 in Dodging
  3033 | D:5      | Reached skill level 6 in Polearms
  3188 | D:4      | Identified the +1 leather armour "Taavy" {Dex+2}
  3308 | D:6      | Found a staircase to the Ecumenical Temple.
  3316 | D:6      | Reached skill level 5 in Armour
  3325 | Temple   | Entered the Ecumenical Temple
  3647 | Temple   | Became a worshipper of Hepliaklqana the Forgotten
  3647 | Temple   | Reached * piety under Hepliaklqana
  3647 | Temple   | Reached ** piety under Hepliaklqana
  3708 | D:6      | Reached skill level 6 in Fighting
  3725 | D:6      | HP: 28/63 [centaur (4)]
  3773 | D:6      | Found a stormy altar of Qazlal.
  3774 | D:6      | Found a shimmering altar of Xom.
  3791 | D:6      | Noticed a yak
  3791 | D:6      | Noticed a yak
  3846 | D:7      | Gained mutation: You passively map the area around you.
                  | [Meteoran growth]
  3846 | D:7      | Reached XP level 9. HP: 56/67 MP: 10/10
  3847 | D:7      | Reached skill level 7 in Dodging
  3900 | D:8      | Reached skill level 7 in Polearms
  3925 | D:7      | Reached skill level 6 in Armour
  4085 | D:7      | Reached skill level 7 in Fighting
  4262 | D:7      | Found a runed translucent door.
  4263 | D:7      | Noticed lanetrain's ghost (novice TrEE)
  4371 | D:7      | Noticed a hornet
  4379 | D:7      | Paralysed by a hornet for 2 turns
  4385 | D:7      | HP: 35/71 [poisoned by a hornet]
  4388 | D:7      | Paralysed by a hornet for 2 turns
  4389 | D:7      | HP: 16/71 [hornet (8)]
  4390 | D:7      | Killed a hornet
  4391 | D:7      | Reached skill level 8 in Polearms
  4391 | D:7      | Reached skill level 8 in Dodging
  4550 | D:9      | Reached skill level 7 in Armour
  4562 | D:9      | Reached skill level 1 in Invocations
  4616 | D:9      | HP: 33/71 [orc warrior/+0 glaive (17)]
  4618 | D:9      | Remembered your ancestor Leofsige as a knight
  4621 | D:9      | Reached skill level 2 in Invocations
  4621 | D:9      | Reached XP level 10. HP: 37/77 MP: 12/12
  4635 | D:8      | Reached *** piety under Hepliaklqana
  4655 | D:8      | Reached skill level 3 in Invocations
  4715 | D:9      | Reached skill level 4 in Invocations
  4737 | D:9      | Reached skill level 9 in Polearms
  4753 | D:9      | HP: 34/77 [electric eel/bolt of electricity (10)]
  4759 | D:9      | HP: 26/77 [wolf (2)]
  4767 | D:9      | HP: 25/77 [wolf (2)]
  4784 | D:9      | HP: 30/77 [wolf (1)]
  4797 | D:9      | Reached skill level 5 in Invocations
  4845 | D:8      | Got the Disquisition on Noxious Interference
  4868 | D:8      | Found a runed translucent gate.
  4868 | D:8      | Found a runed translucent gate.
  4868 | D:8      | Found a runed translucent gate.
  4868 | D:8      | Noticed a green ugly thing
  4868 | D:8      | Noticed a green ugly thing
  4868 | D:8      | Noticed a purple ugly thing
  4868 | D:8      | Noticed a cyan ugly thing
  4868 | D:8      | Noticed a green ugly thing
  4929 | D:8      | Reached skill level 6 in Invocations
  4985 | D:8      | Reached skill level 10 in Polearms
  4994 | D:8      | Reached skill level 7 in Invocations
  5019 | D:8      | Found Vimil's Antique Armour Shop.
  5031 | D:8      | Bought a heavily runed scale mail for 216 gold pieces
  5031 | D:8      | Identified the +5 scale mail of Precision Catastrophes
                  | {Harm *Corrode rPois Int+5} (You bought it in a shop on
                  | level 8 of the Dungeon)
  5119 | D:9      | Reached skill level 8 in Invocations
  5127 | D:8      | Reached skill level 11 in Polearms
  5127 | D:8      | Reached XP level 11. HP: 51/82 MP: 18/18
  5175 | D:9      | Found a radiant altar of Vehumet.
  5180 | D:10     | Entered Level 10 of the Dungeon
  5208 | D:10     | Noticed a two-headed ogre
  5226 | D:10     | Killed a two-headed ogre
  5227 | D:10     | Reached skill level 9 in Invocations
  5255 | D:10     | Reached skill level 12 in Polearms
  5274 | D:10     | HP: 27/82 [centaur warrior simulacrum (19)]
  5278 | D:10     | Reached skill level 10 in Invocations
  5333 | D:9      | Found a staircase to the Lair.
  5364 | D:9      | Found a runed translucent gate.
  5364 | D:9      | Found a runed translucent gate.
  5364 | D:9      | Found a runed translucent gate.
  5364 | D:9      | Noticed Sanktem7's ghost (novice MiBe)
  5370 | D:9      | Identified the +0 ring mail of Parlour Games {*Slow Regen+
                  | Str+2}
  5478 | D:9      | Reached skill level 11 in Invocations
  5551 | Lair:1   | Entered Level 1 of the Lair of Beasts
  5619 | Lair:1   | Found a dark tunnel.
  5626 | Volcano  | Entered a volcano
  5636 | Volcano  | Reached skill level 13 in Polearms
  5816 | Volcano  | Noticed a lindwurm
  5816 | Volcano  | Noticed a lindwurm
  5834 | Volcano  | HP: 35/82 [molten gargoyle/bolt of magma (16)]
  5840 | Volcano  | Reached XP level 12. HP: 39/90 MP: 21/21
  5868 | Volcano  | HP: 27/90 [molten gargoyle/bolt of magma (19)]
  5926 | Lair:2   | Reached skill level 12 in Invocations
  5967 | Lair:2   | Reached **** piety under Hepliaklqana
  6041 | Lair:1   | Reached skill level 14 in Polearms
  6125 | Lair:2   | Reached skill level 13 in Invocations
  6267 | Lair:2   | Noticed a catoblepas
  6284 | Lair:2   | Killed a catoblepas
  6285 | Lair:2   | Reached skill level 2 in Stealth
  6316 | Lair:2   | Noticed a lindwurm
  6325 | Lair:2   | Killed a lindwurm
  6336 | Lair:2   | Found a gate leading to a gauntlet.
  6347 | Gauntlet | Entered a Gauntlet
  6347 | Gauntlet | Found a transporter.
  6357 | Gauntlet | Found a transporter.
  6368 | Gauntlet | Found a transporter.
  6382 | Gauntlet | Found a transporter.
  6385 | Gauntlet | Noticed a sixfirhy
  6386 | Gauntlet | Noticed a sixfirhy
  6387 | Gauntlet | Noticed a death yak
  6388 | Gauntlet | Noticed a sixfirhy
  6388 | Gauntlet | Noticed a death yak
  6390 | Gauntlet | Found a transporter.
  6393 | Gauntlet | Noticed a death yak
  6396 | Gauntlet | Noticed a death yak
  6400 | Gauntlet | Noticed a necromancer
  6405 | Gauntlet | Found a transporter.
  6424 | Gauntlet | Found a transporter.
  6428 | Gauntlet | Noticed a sixfirhy
  6436 | Gauntlet | Found a transporter.
  6436 | Gauntlet | Noticed an orange crystal statue
  6441 | Gauntlet | Found a transporter.
  6456 | Gauntlet | Found a transporter.
  6472 | Gauntlet | Found a transporter.
  6473 | Gauntlet | Noticed a fire crab
  6488 | Gauntlet | Noticed a dire elephant
  6490 | Gauntlet | Found a transporter.
  6515 | Gauntlet | Found a transporter.
  6532 | Gauntlet | Found a transporter.
  6534 | Gauntlet | Found a transporter.
  6561 | Gauntlet | Found a transporter.
  6587 | Gauntlet | Found a transporter.
  6587 | Gauntlet | Found a transporter.
  6626 | Gauntlet | Reached skill level 8 in Fighting
  6681 | Gauntlet | Killed a dire elephant
  6682 | Gauntlet | Reached skill level 8 in Armour
  6682 | Gauntlet | Reached skill level 3 in Stealth
  6682 | Gauntlet | Reached XP level 13. HP: 96/96 MP: 18/23
  6687 | Gauntlet | Identified the ring "Oqusuk" {Str+3 Int+3 Dex+6 Slay-3
                  | Stlth+}
  6756 | Gauntlet | Identified the +6 great sword of Keawkont {speed, rF+ rCorr
                  | Str-2}
  6756 | Gauntlet | Noticed a minotaur
  6768 | Gauntlet | Killed a minotaur
  6769 | Gauntlet | Reached skill level 15 in Polearms
  6812 | Lair:2   | Noticed an eight-headed hydra
  6827 | Lair:2   | Killed a four-headed hydra
  7057 | Lair:2   | Found a bloodstained altar of Trog.
  7171 | Lair:3   | Noticed a six-headed hydra
  7205 | Lair:3   | Killed a four-headed hydra
  7206 | Lair:3   | Reached skill level 9 in Fighting
  7206 | Lair:3   | Reached skill level 9 in Armour
  7206 | Lair:3   | Reached skill level 4 in Stealth
  7290 | Lair:3   | Found a hole to the Spider Nest.
  7356 | Lair:3   | Found a staircase to the Shoals.
  7620 | Lair:5   | Entered Level 5 of the Lair of Beasts
  7700 | Lair:4   | Reached skill level 5 in Stealth
  7731 | Lair:4   | Found a snail-covered altar of Cheibriados.
  7791 | Lair:4   | Found a transporter.
  7834 | Lair:4   | Reached skill level 10 in Armour
  7839 | Lair:4   | Noticed a seven-headed hydra
  7847 | Lair:4   | HP: 45/101 [four-headed hydra (10)]
  7848 | Lair:4   | Killed a three-headed hydra
  7924 | Lair:5   | Reached skill level 10 in Fighting
  7924 | Lair:5   | Reached skill level 16 in Polearms
  7937 | Lair:5   | Reached XP level 14. HP: 90/108 MP: 24/24
  8020 | Lair:5   | Found a staircase to the Slime Pits.
  8021 | Lair:5   | Found a viscous altar of Jiyva.
  8182 | Lair:5   | Reached ***** piety under Hepliaklqana
  8189 | Lair:5   | Reached skill level 6 in Stealth
  8203 | Lair:5   | Reached skill level 11 in Armour
  8250 | Lair:5   | Identified the +0 leather armour of Negligence {Dex+3}
  8330 | Lair:5   | Reached skill level 11 in Fighting
  8563 | Lair:5   | HP: 42/111 [cane toad (19)]
  8568 | Lair:5   | HP: 44/111 [poisoned by a cane toad]
  8573 | Lair:5   | HP: 36/111 [poisoned by a cane toad]
  8578 | Lair:5   | HP: 30/111 [something/blast of calcifying dust (6)]
  8587 | Lair:5   | HP: 26/111 [catoblepas/blast of calcifying dust (6)]
  8753 | Lair:5   | HP: 44/111 [cane toad (13)]
  8758 | Lair:4   | HP: 40/111 [poisoned by a cane toad]
  8788 | Lair:4   | Found a transporter.
  8949 | Lair:4   | HP: 36/111 [some lava collision (20)]
  8963 | Lair:4   | HP: 33/111 [briar patch's spines (6)]
  9034 | Lair:4   | Reached skill level 7 in Stealth
  9053 | Lair:4   | Identified the +1 cloak of Eternal Vigilance {Contam Harm
                  | rN+++ Int-4}
  9057 | Lair:4   | Identified the ring "Ostemohe" {rF++ rCorr Int+6 Dex-4
                  | SInv}
  9131 | Spider:1 | Entered Level 1 of the Spider Nest
  9138 | Spider:1 | Noticed an entropy weaver
  9139 | Spider:1 | Noticed an entropy weaver
  9143 | Spider:1 | Noticed a broodmother
  9165 | Spider:1 | Reached skill level 12 in Armour
  9266 | Spider:1 | Killed an entropy weaver
  9267 | Spider:1 | Reached XP level 15. HP: 83/118 MP: 21/25
  9302 | Spider:1 | Killed a broodmother
  9303 | Spider:1 | Reached skill level 12 in Fighting
  9305 | Spider:1 | HP: 29/118 [disintegration (64)]
  9394 | Spider:1 | HP: 58/119 [entropy weaver (7)]
  9396 | Spider:1 | HP: 20/119 [entropy weaver (13)]
  9477 | Spider:1 | HP: 29/120 [Leofsige the knight/+0 broad axe of flaming[the
                  | player character] (14)]
  9568 | Spider:1 | Reached skill level 13 in Armour
  9592 | Spider:1 | Reached skill level 8 in Stealth
  9701 | Spider:1 | Glimpsed the power of Zot.
  9713 | Spider:1 | HP: 31/119 [disintegration (44)]
  9783 | Spider:1 | Learned a level 3 spell: Mephitic Cloud
  9848 | Spider:2 | Reached skill level 1 in Spellcasting
  9848 | Spider:2 | Reached skill level 1 in Conjurations
  9848 | Spider:2 | Reached skill level 1 in Air Magic
  9889 | Spider:2 | Reached skill level 2 in Spellcasting
  9889 | Spider:2 | Reached skill level 2 in Conjurations
  9889 | Spider:2 | Reached skill level 2 in Air Magic
 10098 | Spider:3 | Noticed a ghost moth
 10102 | Spider:3 | Killed a ghost moth
 10108 | Spider:2 | Noticed a ghost moth
 10171 | Spider:2 | Reached skill level 3 in Conjurations
 10171 | Spider:2 | Reached skill level 3 in Air Magic
 10174 | Spider:2 | Reached skill level 3 in Spellcasting
 10277 | Spider:3 | HP: 58/120 [spark wasp (20)]
 10281 | Spider:3 | HP: 27/120 [spark wasp (6)]
 10282 | Spider:3 | HP: 2/120 [spark wasp (25)]
 10282 | Spider:3 | Slain by a spark wasp

Illustrated notes

Levels and vault maps discovered:
D:1:      roderic_crossed_star, layout_basic, ebering_ecumenical_altar_hall,
          grunt_decor_fettered, minmay_misc_feat_square, st_stairs_3
D:2:      minmay_angry_zag, layout_rooms, basic_altar, minmay_3d_cube
D:3:      layout_basic
D:4:      gammafunk_steamed_eel, layout_basic, minmay_strange_pillars,
          grunt_ministairs_12
D:5:      layout_basic, nicolae_ossuary_entry_giza, minivault_4, uniq_menkaure,
          uniq_ijyb
D:6:      layout_loops_ring, grunt_temple_overflow_open,
          minmay_temple_entry_arrows
D:7:      layout_basic, ebering_ghost_reflecting_pool,
          kennysheep_generic_room_14
D:8:      layout_rooms, serial_shops, shop,
          ploomutoo_gammafunk_ghost_potion_laboratory,
          chequers_serial_rivers_micro_a
D:9:      layout_layer_cave, vehumet_altar_wand_db, erik_lair_island,
          gammafunk_ghost_necromancy, hangedman_decor_peaks_small
D:10:     layout_layer_cave, serial_ice, serial_ice_h, serial_ice_n,
          serial_ice_o, serial_ice_f
Temple:   compressed_dpeg_triangle_lava_temple
Lair:1:   minmay_lair_oklob_tunnel, layout_big_grid, enter_volcano_2
Lair:2:   layout_cave_pods, gauntlet_entry_generic, basic_altar,
          serial_bayou_shore_a, grunt_megastairs_3, lemuel_fruit_fields
Lair:3:   layout_small_grid, elwin_shoals_entry_rooms,
          spider_nest_entry_web_field, minmay_holes, grunt_megastairs_2
Lair:4:   gammafunk_worm_tunnel, layout_misc_corridors, kennysheep_snail_temple,
          grunt_megastairs_5
Lair:5:   minmay_lair_end_frog_pond, layout_gridlike, minmay_slime_entry_pillars
Spider:1: layout_spider_delve
Spider:2: layout_spider_delve
Spider:3: layout_cave_pods, ebering_ghost_disaster_area, drop_trap,
          nicolae_spider_bug_shape

Skill      XL: |  1  2  3  4  5  6  7  8  9 10 11 12 13 14 15 |
---------------+----------------------------------------------+-----
Armour         | 1 2 3 4 5 7 8 10 12 13 | 13.4
Dodging        | 4 5 6 8 |  8.1
Polearms       | 4 5 6 8 11 13 14 16 | 16.0
Fighting       | 4 5 6 7 8 10 11 12 | 12.8
Invocations    | 2 8 11 13 | 13.2
Stealth        | 3 5 7 8 |  8.3
Spellcasting   | 3 |  3.0
Conjurations   | 3 |  3.0
Air Magic      | 3 |  3.0

Action                   |  1- 3 |  4- 6 |  7- 9 | 10-12 | 13-15 || total
-------------------------+-------+-------+-------+-------+-------++-------
Melee: Spear             |    78 |   247 |   312 |       |       ||   637
       Punch             |     2 |     2 |       |       |       ||     4
       Halberd           |       |       |    11 |   295 |   600 ||   906
       Scimitar          |       |       |       |       |    17 ||    17
Throw: Dart              |     4 |    13 |     7 |       |       ||    24
       Javelin           |       |     2 |     1 |       |       ||     3
       Throwing net      |       |       |     2 |       |       ||     2
 Cast: Mephitic Cloud    |       |       |       |       |     1 ||     1
Invok: Recall Ancestor   |       |       |     1 |    12 |    17 ||    30
       Ancestor Life: Kn |       |       |     1 |       |       ||     1
       Idealise          |       |       |       |     1 |     8 ||     9
       Transference      |       |       |       |       |     1 ||     1
Evoke: Wand              |       |       |     6 |     3 |     4 ||    13
  Use: Scroll            |       |       |    10 |     4 |    19 ||    33
       Potion            |       |       |     1 |     1 |     8 ||    10
 Stab: Sleeping          |     1 |       |       |       |     1 ||     2
       Held in net/web   |       |       |     4 |       |       ||     4
       Distracted        |       |       |     3 |     7 |     8 ||    18
       Petrifying        |       |       |       |     1 |       ||     1
       Petrified         |       |       |       |     1 |       ||     1
Armor: Robe              |     7 |    13 |       |       |       ||    20
       Chain mail        |       |    57 |   152 |    47 |       ||   256
       Ring mail         |       |     3 |       |       |       ||     3
       Scale mail        |       |       |       |    30 |   135 ||   165
Dodge: Dodged            |    35 |    84 |   139 |   100 |   176 ||   534
